 Dungeon Sprint DCSS version bcrawl-1.26.1 (webtiles) character file.

Game seed: 17611491563139080633

560135 Freyura the Twirler (level 6, -1/53 HPs)
             Began as a Formicid Fighter on July 11, 2020.
             Was a High Priest of the Shining One.
             Killed from afar by a deep elf mage (6 damage)
             ... with a magic dart
             ... in the Dungeon (Sprint V: "Ziggurat Sprint").
             The game lasted 00:04:05 (282 turns).

Freyura the Twirler (Formicid Fighter)               Turns: 282, Time: 00:04:06

Health: -1/53      AC: 22    Str: 32    XL:     6   Next: 75%
Magic:  9/9        EV:  2    Int:  8    God:    the Shining One [*****.]
Gold:   0          SH: 21    Dex: 12    Spells: 5/5 levels left

rFire    + . .     SeeInvis +   m - +5 lajatang
rCold    + . .     Gourm    .   H - +3 large shield
rNeg     + + .     Faith    .   l - +5 gold dragon scales
rPois    +         Spirit   .   (helmet unavailable)
rElec    .         Reflect  .   (no cloak)
rCorr    .         Harm     .   (no gloves)
MR       .....                  c - +1 pair of boots {Stlth++}
Stlth    ..........             (no amulet)
HPRegen  0.17/turn              C - +6 ring of strength
MPRegen  0.11/turn              D - +6 ring of strength

@: glowing, lightly drained
A: permanent stasis, dig shafts and tunnels, four strong arms, antennae 3
a: Dig, Divine Shield, Cleansing Flame, Summon Divine Warrior, Renounce Religion


You were in the Dungeon.
You worshipped the Shining One.
The Shining One was extremely pleased with you.
You were not hungry.

You visited 1 branch

Inventory:

Hand Weapons
 m - a +5 lajatang (weapon)
Armour
 c - a +1 pair of boots of stealth (worn)
 l - +5 gold dragon scales (worn)
 H - a +3 large shield (worn)
Jewellery
 a - the ring "Veuxzoi" {rElec rN+ MR+ Str-2 Slay+3}
   (You found it in the Dungeon)

   [ring of positive energy]

   It affects your strength (-2).
   It affects your accuracy and damage with ranged weapons and melee attacks
   (+3).
   It insulates you from electricity.
   It protects you from negative energy.
   It affects your resistance to hostile enchantments.
 b - an uncursed ring of magical power
 p - an uncursed ring of wizardry
 x - the ring "Paintis" {+Fly MR+}
   (You found it in the Dungeon)

   [ring of flight]

   It affects your resistance to hostile enchantments.
   It lets you fly.
 y - a +6 ring of dexterity
 z - a +6 ring of dexterity
 A - a +6 ring of intelligence
 B - a +6 ring of intelligence
 C - a +6 ring of strength (left hand)
 D - a +6 ring of strength (right hand)
 I - a cursed ring of protection from fire
Wands
 E - a wand of disintegration (7)
 F - a wand of iceblast (7)
 G - a wand of acid (7)
Scrolls
 k - a scroll of blinking
 r - 4 scrolls of amnesia
 s - 7 scrolls of fog
 t - 5 scrolls of identify
 u - 5 scrolls of remove curse
 v - 2 scrolls of fear
Potions
 d - 6 potions of might
 f - 10 potions of curing
 g - 10 potions of heal wounds
 h - a potion of haste
 i - 7 potions of magic
 j - a potion of berserk rage
 n - 2 potions of brilliance
 o - 4 potions of resistance
 q - 5 potions of agility
Miscellaneous
 w - a lightning rod (4/4)
Comestibles
 e - 7 rations {!d}


   Skills:
 + Level 6.6(6.2) Fighting
 * Level 7.9(7.4) Staves
 + Level 6.7(6.3) Armour
 + Level 4.6(4.1) Dodging
 + Level 7.4(6.9) Shields
 + Level 5.0(4.6) Invocations


You had 5 spell levels left.
You didn't know any spells.
Your spell library was empty.

Dungeon Overview and Level Annotations

Branches:
Dungeon (1/1)

Altars:
Ashenzari
Cheibriados
Dithmenos
Elyvilon
Fedhas
Gozag
Hepliaklqana
Kikubaaqudgha
Lugonu
Makhleb
Nemelex Xobeh
Okawaru
Qazlal
Ru
Sif Muna
Trog
Uskayaw
Vehumet
Wu Jian
Xom
Yredelemnul
Zin
The Shining One
Beogh
Jiyva

Annotations:
D 1 transporter


Innate Abilities, Weirdness & Mutations

You cannot be hasted, slowed, berserked, paralysed or teleported.
You can dig through walls and to a lower floor.
Your four strong arms can wield two-handed weapons with a shield.
You have a pair of large antennae on your head. (SInv)


Message History

* * * LOW HITPOINT WARNING * * *
You partially resist.
You feel drained.
You hit the +5 war axe of draining but do no damage.
You block the +0 mace of protection's attack.
The fire elemental hits you. The fire elemental burns you! You resist.
* * * LOW HITPOINT WARNING * * *
The +5 war axe of draining hits you! The Shining One protects you from harm!
You partially resist.
You feel drained.
You slice the deep elf mage!!
The deep elf mage is heavily wounded.
The +0 mace of protection hits you. The Shining One protects you from harm!
You block the fire elemental's attack.
You block the +5 war axe of draining's attack.
The deep elf mage drinks a potion.
The deep elf mage is healed!
The +0 mace of protection hits you but does no damage.
The deep elf mage gestures at you while chanting.
The magic dart hits you.
You die...

▓.....▓.....▓..©..▓
▓..©..▓..©..▓▓▓▓▓▓▓
▓▓▓▓▓▓▓▓▓▓▓▓▓▓▓▓▓▓▓
▓..8©8...▓..8©8...▓
▓..))....▓..}))...▓
▓..):....▓..:..e*.▓
▓..)))...▓........▓
▓........▓...(.e..▓
▓.▓....▓.▓.▓E(@.▓.▓
▓...©....▓...E.e..▓
▓▓▓▓▓▓▓▓▓▓▓▓▓▓▓▓▓▓▓


{{{{ {{{ {{{ {{{ You could see 3 deep elf magi, 2 fire elementals, 2 dancing
weapons and a battlesphere.

Vanquished Creatures
  A guardian mummy (D)
  An orc wizard (D)
  3 mummies (D)
  An adder (D)
  3 orcs (D)
  2 ball pythons (D)
  A bat zombie (D)
  A jackal skeleton (D)
13 creatures vanquished.

Notes
Turn   | Place    | Note
-------+----------+-------------------------------------------
     0 | D        | Freyura the Formicid Fighter began the quest for the Orb.
     0 | D        | Reached XP level 1. HP: 18/18 MP: 1/1
     9 | D        | Became a worshipper of the Shining One
    13 | D        | Found a blossoming altar of Fedhas.
    14 | D        | Found an opulent altar of Gozag.
    14 | D        | Found a hazy altar of Hepliaklqana.
    14 | D        | Found a viscous altar of Jiyva.
    14 | D        | Found a transporter.
    18 | D        | Found an ancient bone altar of Kikubaaqudgha.
    20 | D        | Found the +6 Majin-Bo {vamp, *Drain Str+12 Int+24}
    33 | D        | Found a bloodstained altar of Trog.
    33 | D        | Found a shimmering blue altar of Sif Muna.
    33 | D        | Found a sacrificial altar of Ru.
    33 | D        | Found a stormy altar of Qazlal.
    34 | D        | Found an iron altar of Okawaru.
    36 | D        | Found a sparkling altar of Nemelex Xobeh.
    37 | D        | Found the +7 great mace "Firestarter" {inner flame, rF++}
    38 | D        | Found a corrupted altar of Lugonu.
    38 | D        | Found a burning altar of Makhleb.
    48 | D        | Got the ring "Paintis" {+Fly MR+}
    92 | D        | Reached skill level 5 in Shields
    92 | D        | Reached XP level 2. HP: 26/26 MP: 2/2
   121 | D        | Entered arena 2.
   121 | D        | Reached * piety under the Shining One
   121 | D        | Found a transporter.
   128 | D        | Got the ring "Veuxzoi" {rElec rN+ MR+ Str-2 Slay+3}
   132 | D        | Entered arena 3.
   132 | D        | Reached ** piety under the Shining One
   132 | D        | Found a transporter.
   138 | D        | Reached skill level 1 in Invocations
   138 | D        | Reached XP level 3. HP: 31/31 MP: 3/3
   148 | D        | Entered arena 4.
   148 | D        | Reached *** piety under the Shining One
   148 | D        | Noticed a guardian mummy
   148 | D        | Found a transporter.
   154 | D        | Killed a guardian mummy
   154 | D        | Reached **** piety under the Shining One
   154 | D        | Reached XP level 4. HP: 15/40 MP: 3/7
   154 | D        | Reached XP level 5. HP: 18/46 MP: 3/8
   154 | D        | Reached XP level 6. HP: 20/52 MP: 3/9
   154 | D        | Noticed a shadow
   154 | D        | Noticed a shadow
   260 | D        | Entered arena 5.
   260 | D        | Reached ***** piety under the Shining One
   260 | D        | Found a transporter.
   263 | D        | Reached skill level 5 in Invocations
   274 | D        | Entered arena 6.
   274 | D        | Noticed a deep elf mage
   274 | D        | Noticed a deep elf mage
   274 | D        | Noticed a +5 war axe of draining
   274 | D        | Noticed a +0 mace of protection
   274 | D        | Noticed a deep elf mage
   274 | D        | Found a transporter.
   278 | D        | Noticed a fire elemental
   278 | D        | Noticed a fire elemental
   281 | D        | The Shining One protects you from harm!
   282 | D        | The Shining One protects you from harm!
   282 | D        | Killed from afar by a deep elf mage

Skill      XL: |  1  2  3  4  5  6 |
---------------+-------------------+-----
Fighting       | 4 6 |  6.6
Staves         | 4 7 |  7.9
Armour         | 4 6 |  6.7
Dodging        | 2 4 |  4.6
Shields        | 5 7 |  7.4
Invocations    | 1 4 5 |  5.0

Action                   |  1- 3 |  4- 6 || total
-------------------------+-------+-------++-------
Melee: Lajatang          |    10 |    23 ||    33
  Use: Potion            |     1 |       ||     1
Armor: Gold dragon scale |     4 |    15 ||    19
Dodge: Dodged            |       |     4 ||     4
Block: Large shield      |    16 |    31 ||    47
